 Dungeon Crawl Stone Soup version 0.26.1-13-g052cdd8df3 (webtiles) character file.

Game seed: 9140856666776581369

1365 sankara the Ruffian (level 8, -5/66 HPs)
             Began as a Minotaur Transmuter on Jan 24, 2022.
             Was a Follower of Okawaru.
             Killed from afar by an orc wizard (13 damage)
             ... with a puff of flame
             ... on level 5 of the Dungeon.
             The game lasted 00:19:28 (7826 turns).

sankara the Ruffian (Minotaur Transmuter)           Turns: 7826, Time: 00:19:28

Health: -5/66      AC:  3    Str: 16    XL:     8   Next: 38%
Magic:  4/9        EV: 14    Int: 10    God:    Okawaru [*.....]
Gold:   316        SH:  0    Dex: 12    Spells: 4/10 levels left

rFire    . . .     SeeInvis .     - Unarmed
rCold    . . .     Faith    .   (no shield)
rNeg     . . .     Spirit   .   a - +1 robe
rPois    .         Reflect  .   (helmet restricted)
rElec    .         Harm     .   (no cloak)
rCorr    .         Rampage  .   (no gloves)
Will     .....                  (no boots)
Stlth    +.........             (no amulet)
HPRegen  0.21/turn              (no ring)
MPRegen  0.11/turn              (no ring)

@: very slightly contaminated
A: retaliatory headbutt, horns 2
a: Renounce Religion, Heroism


You were on level 5 of the Dungeon.
You worshipped Okawaru.
Okawaru was aware of your devotion.
You visited 2 branches of the dungeon, and saw 6 of its levels.

You collected 316 gold pieces.

Inventory:

Hand Weapons
 n - a +0 hunting sling
Missiles
 h - 3 javelins
 i - 79 stones
 p - 35 poisoned darts (quivered)
 t - 5 boomerangs
Armour
 a - a +1 robe (worn)
 c - a +0 leather armour
Jewellery
 x - an uncursed ring of ice {unknown}
Scrolls
 b - 4 scrolls of remove curse
 e - 2 scrolls of teleportation
 g - 3 scrolls of identify
 j - a scroll of fear {unknown}
 l - 2 scrolls of magic mapping
 r - a scroll of blinking {unknown}
 s - 2 scrolls of immolation {unknown}
 u - a scroll of enchant armour
Potions
 d - a potion of berserk rage
 f - 2 potions of curing
 k - a potion of flight {unknown}
 m - 2 potions of mutation {unknown}
 o - a potion of might {unknown}
 q - a potion of resistance {unknown}
 v - 2 potions of lignification {unknown}
 w - a potion of heal wounds {unknown}
 z - a potion of ambrosia {unknown}


   Skills:
 + Level 3.9 Fighting
 - Level 1.0 Throwing
 + Level 4.1 Dodging
 + Level 6.7 Unarmed Combat
 - Level 1.5 Spellcasting
 + Level 4.7 Transmutations
 - Level 3.0 Poison Magic
 + Level 1.9 Invocations


You had 4 spell levels left.
You knew the following spells:

 Your Spells              Type           Power        Failure   Level
a - Beastly Appendage     Tmut           20%          4%          1
b - Wereblood             Tmut           10%          7%          2
c - Spider Form           Tmut/Pois      4%           21%         3

Your spell library contained the following spells:

 Spells                   Type           Power        Failure   Level
 Ice Form                 Ice/Tmut       5%           77%         4
 Blade Hands              Tmut           5%           78%         5


Dungeon Overview and Level Annotations

Branches:
Dungeon (5/15)             Temple (1/1) D:4

Altars:
Dithmenos
Elyvilon
Fedhas
Gozag
Hepliaklqana
Makhleb
Nemelex Xobeh
Okawaru
Qazlal
Ru
Sif Muna
Trog
Uskayaw
Vehumet
Wu Jian
Xom
Zin
The Shining One


Innate Abilities, Weirdness & Mutations

You reflexively headbutt those who attack you in melee.
You have a pair of horns on your head.


Message History

The orc wizard gestures at you while chanting.
The puff of frost hits you.
The orc wizard points at you and mumbles some strange words.
The puff of frost misses you.
The orc wizard points at you and mumbles some strange words.
The magic dart hits you.
The orc wizard gestures at you while chanting.
The magic dart hits you!
* * * LOW HITPOINT WARNING * * *
You see here a hunting sling.
The orc wizard hits you but does no damage.
The orc wizard misses you.
The orc wizard hits you with a +2 dagger of protection.
* * * LOW HITPOINT WARNING * * *
The orc wizard points at you and mumbles some strange words.
The magic dart hits you!
* * * LOW HITPOINT WARNING * * *
The orc wizard casts a spell at you. The puff of flame hits you!
You die...

###'##########..####.###.#.......
###.###########.##....##.#.#.....
........o..).....................
###.###########.##....##.###..###
#.# #.##....##.#.....# #o#
#..###.###.#.#...# #.# ##
##o#...# #.#.#...## #.# ..
#.#.### #^#.#..... #.# ####.
##@..# #.#.#.#.## ###o# ....
#<#..### #.#.#..<## ....# #..
#.#......#.#.#.#+## #####
#..##.##.###.#.#......#


ooo.# #..†......##.#.###....# ### #.###.##..##.#.# #....# ..# #
#........#.#.###....# #.# #.#.#..#.#.#........# #.# #.#.#..#...#####....# You
could see an orc wizard (fast).

Vanquished Creatures
  An ogre (D:4)
  A bullfrog (D:5)
  A scorpion (D:5)
  12 killer bees
  3 hounds
  A bullfrog skeleton (D:5)
  An iguana (D:4)
  3 orc wizards
  6 worker ants
  10 adders
  7 gnolls
  A white imp (D:5)
  2 ufetubi
  An ooze (D:2)
  2 adder skeletons
  3 worms
  A dart slug (D:2)
  4 leopard geckos
  10 orcs
  4 giant cockroaches
  11 goblins
  10 hobgoblins
  3 quokkas
  A ball python (D:1)
  9 bats
  9 frilled lizards
  8 kobolds
  5 rats
130 creatures vanquished.

Notes
Turn   | Place    | Note
-------+----------+-------------------------------------------
     0 | D:1      | sankara the Minotaur Transmuter began the quest for the
                  | Orb.
     0 | D:1      | Reached XP level 1. HP: 16/16 MP: 1/1
   851 | D:1      | Reached XP level 2. HP: 23/23 MP: 1/3
   854 | D:1      | Learned a level 2 spell: Wereblood
  1092 | D:1      | Reached skill level 4 in Unarmed Combat
  1917 | D:2      | Reached XP level 3. HP: 27/28 MP: 1/4
  2294 | D:2      | Reached XP level 4. HP: 32/35 MP: 1/5
  2306 | D:2      | Learned a level 3 spell: Spider Form
  2501 | D:2      | Found a sparkling altar of Nemelex Xobeh.
  2694 | D:2      | Found a blossoming altar of Fedhas.
  2694 | D:2      | Found a bloodstained altar of Trog.
  3364 | D:3      | Reached skill level 1 in Poison Magic
  3369 | D:3      | Reached skill level 5 in Unarmed Combat
  3369 | D:3      | Reached XP level 5. HP: 27/40 MP: 2/6
  4459 | D:3      | Reached XP level 6. HP: 47/47 MP: 4/7
  4539 | D:3      | You fall into a shaft and drop 2 floors!
  4539 | D:5      | Entered Level 5 of the Dungeon
  5670 | D:4      | Found a staircase to the Ecumenical Temple.
  5685 | Temple   | Entered the Ecumenical Temple
  5751 | Temple   | Became a worshipper of Warmaster Okawaru
  5792 | D:4      | Found a sparkling altar of Nemelex Xobeh.
  5795 | D:4      | Found a shimmering altar of Xom.
  5795 | D:4      | Found a shimmering altar of Xom.
  5797 | D:4      | Found a sparkling altar of Nemelex Xobeh.
  5797 | D:4      | Found a shimmering altar of Xom.
  5797 | D:4      | Found a sparkling altar of Nemelex Xobeh.
  6055 | D:4      | Reached XP level 7. HP: 52/52 MP: 8/8
  6132 | D:4      | Reached skill level 1 in Throwing
  6135 | D:4      | Reached skill level 6 in Unarmed Combat
  6136 | D:4      | Reached * piety under Okawaru
  6582 | D:5      | Reached XP level 8. HP: 42/63 MP: 6/9
  7083 | D:5      | Reached skill level 1 in Invocations
  7826 | D:5      | Killed from afar by an orc wizard

Illustrated notes

Levels and vault maps discovered:
D:1:      amcnicky_arrival_choice, layout_basic, serial_rivers,
          chequers_serial_rivers_small_a, chequers_serial_rivers_room_b,
          chequers_serial_rivers_room_a, chequers_serial_rivers_micro_c
D:2:      layout_rooms, gammafunk_temple_overflow_wave,
          nemelex_xobeh_ov_fountains_minmay, minmay_misc_feat_encased
D:3:      layout_rooms
D:4:      layout_rooms, doesnt_xom_only_xom, temple_fountains,
          amethyst_killhole, corexii_item_surrounded_by_moat
D:5:      layout_basic, hangedman_abyss_or_decor_stabs
Temple:   zaba_magenta_temple

Skill      XL: |  1  2  3  4  5  6  7  8 |
---------------+-------------------------+-----
Unarmed Combat | 4 5 6 |  6.7
Transmutations | 2 3 4 |  4.7
Poison Magic   | 1 2 3 |  3.0
Throwing       | 1 |  1.0
Fighting       | 3 |  3.9
Dodging        | 3 4 |  4.1
Invocations    | 1 |  1.9
Spellcasting   | |  1.5

Action                   |  1- 3 |  4- 6 |  7- 9 || total
-------------------------+-------+-------+-------++-------
Melee: Unarmed           |    61 |   155 |    93 ||   309
       Kick              |     9 |    17 |    17 ||    43
       Headbutt          |     2 |    15 |     8 ||    25
       Punch             |       |     3 |     1 ||     4
Throw: Javelin           |     3 |       |       ||     3
       Dart              |       |     6 |     8 ||    14
 Cast: Beastly Appendage |    24 |    32 |     9 ||    65
       Spider Form       |       |    14 |     6 ||    20
Invok: Heroism           |       |       |     2 ||     2
  Use: Scroll            |       |     7 |       ||     7
       Potion            |       |       |     1 ||     1
 Stab: Sleeping          |       |     2 |       ||     2
Armor: Robe              |     9 |    12 |     4 ||    25
       Skin              |       |     5 |     1 ||     6
Dodge: Dodged            |    50 |    95 |    88 ||   233
